AoeStats
← chenya_ko

Arabia

509352732Analyzed
1v1 RM · 7d ago on Sep 26, 2026· 47m 52s· 2 players
Game mode
Random Map
Map size
Tiny (2 player)
Population
200
Speed
Normal
Resources
Standard
Victory
Conquest
Starting age
Dark Age
Ending age
Imperial Age
RankedLock teamsTeams togetherTeam positionsShared explorationLock speedFull tech treeHidden civsTurbo modeCheats
Victory
Defeat
🇹🇼 Japanese · Taiwan
1048
+17
🇮🇹 Danes · Italy
1072
-17
chenya_ko
1:58 Loom
9:48 Feudal Age
9:56 Man-at-Arms
10:27 Double-Bit Axe
13:57 Fletching
17:21 Wheelbarrow
21:54 Castle Age
20:04 Arson
20:34 Scale Mail Armor
20:44 Forging
20:35 Horse Collar
21:12 Gold Mining
21:59 Long Swordsman
22:25 Gambesons
23:10 Squires
24:23 Iron Casting
24:44 Bow Saw
25:51 Chain Mail Armor
25:59 Padded Archer Armor
26:25 Heavy Plow
28:36 Hand Cart
29:56 Stone Mining
30:40 Town Watch
33:11 Gold Shaft Mining
34:32 Elite Skirmisher
35:10 Bodkin Arrow
35:31 Leather Archer Armor
36:10 Ballistics
39:47 Imperial Age
38:09 Masonry
41:41 Chemistry
40:50 Bracer
41:21 Plate Mail Armor
40:14 Two-Handed Swordsman
43:02 Blast Furnace
43:00 Ring Archer Armor
42:26 Champion
46:24 Town Patrol
GecTM
7:07 Loom
9:03 Feudal Age
9:31 Man-at-Arms
10:09 Double-Bit Axe
19:34 Castle Age
19:24 Horse Collar
19:36 Gold Mining
20:35 Bow Saw
21:40 Elite Skirmisher
23:50 Fletching
25:16 Elite Skirmisher
26:24 Thumb Ring
26:32 Stone Mining
31:01 Heavy Plow
31:49 Husbandry
33:00 Bloodlines
33:40 Gold Shaft Mining
33:42 Stone Shaft Mining
33:33 Bodkin Arrow
34:00 Padded Archer Armor
37:28 Wheelbarrow
36:42 Town Watch
37:16 Leather Archer Armor
37:11 Scale Barding Armor
42:58 Imperial Age
41:08 Hand Cart
43:14 Heavy Scorpion
45:26 Chemistry
45:22 Light Cavalry
Connection lost

Rejoining the realm…

Still unreachable

The connection could not be restored.

Session expired

The server has moved on; the page needs a fresh start.